AoeStats
← jorgeluis s

Lombardia

508081334Analyzed
3v3 RM · 13d ago on Sep 20, 2026· 68m 21s· 6 players
Game mode
Random Map
Map size
Normal (6 player)
Population
200
Speed
Normal
Resources
Standard
Victory
Conquest
Starting age
Dark Age
Ending age
Imperial Age
RankedLock teamsTeams togetherTeam positionsShared explorationLock speedFull tech treeHidden civsTurbo modeCheats
Victory
Defeat
🇮🇳 Celts · India
985
+14
🇺🇸 Vikings · United States
973
+15
🇨🇱 Teutons · Chile
970
+15
🇨🇱 Persians · Chile
1089
-20
🇲🇽 Persians · Mexico
885
-12
🇲🇽 Magyars · Mexico
873
-12
jorgeluis s
0:29 Loom
12:44 Feudal Age
19:06 Castle Age
17:36 Double-Bit Axe
19:26 Fletching
24:20 Corvinian Army
29:57 Crossbowman
40:19 Imperial Age
39:35 Thumb Ring
39:35 Gold Mining
43:41 Caravan
43:31 Elite Magyar Huszar
44:21 Scale Barding Armor
44:50 Arbalester
45:31 Bodkin Arrow
50:05 Elite Skirmisher
51:38 Bloodlines
52:26 Husbandry
53:04 Ballistics
53:45 Chemistry
53:33 Bracer
54:52 Light Cavalry
57:23 Bow Saw
JP 2
5:44 Loom
8:37 Feudal Age
9:12 Double-Bit Axe
16:05 Forging
21:44 Castle Age
20:00 Horse Collar
20:32 Bloodlines
22:58 Iron Casting
21:45 Light Cavalry
22:25 Husbandry
24:06 Bow Saw
24:26 Fletching
25:33 Bodkin Arrow
28:16 Padded Archer Armor
29:45 Parthian Tactics
34:34 Leather Archer Armor
44:00 Imperial Age
41:58 Thumb Ring
44:51 Ring Archer Armor
43:53 Heavy Cavalry Archer
46:47 Chemistry
49:08 Scale Barding Armor
50:04 Blast Furnace
48:43 Hussar
48:43 Cavalier
50:28 Savar
51:30 Chain Barding Armor
53:21 Plate Barding Armor
56:34 Conscription
64:15 Caravan
64:45 Coinage
65:31 Wheelbarrow
64:58 Heavy Plow
65:58 Two-Man Saw
65:35 Guilds
65:14 Elite Skirmisher
65:54 Gold Mining
65:55 Stone Mining
67:19 Ballistics
Roxhelll
0:36 Loom
14:11 Feudal Age
15:18 Double-Bit Axe
15:56 Gold Mining
19:19 Arson
18:54 Man-at-Arms
27:05 Castle Age
25:34 Scale Mail Armor
25:57 Stone Mining
27:36 Horse Collar
29:50 Chain Mail Armor
30:05 Heavy Plow
30:35 Long Swordsman
31:00 Gambesons
32:01 Forging
35:49 Pikeman
36:29 Squires
36:23 Gambesons
39:46 Husbandry
40:01 Bloodlines
51:50 Imperial Age
49:58 Wheelbarrow
49:12 Town Watch
49:36 Scale Barding Armor
50:06 Iron Casting
52:06 Gold Shaft Mining
52:31 Stone Shaft Mining
51:37 Cavalier
51:38 Heavy Camel Rider
57:23 Plate Mail Armor
57:54 Blast Furnace
57:26 Halberdier
59:07 Caravan
61:18 Crop Rotation
60:34 Capped Ram
63:49 Siege Ram
65:12 Chain Barding Armor
AlexShukov13
0:47 Loom
12:43 Feudal Age
18:41 Castle Age
24:53 Pikeman
26:07 Town Watch
32:57 Gold Mining
34:30 Murder Holes
35:12 Double-Bit Axe
37:49 Fletching
37:59 Padded Archer Armor
38:11 Forging
38:06 Crossbowman
42:27 Imperial Age
40:25 Bodkin Arrow
40:40 Stone Mining
41:30 Ballistics
40:53 Horse Collar
41:49 Scale Mail Armor
44:11 Chemistry
43:34 Conscription
43:19 Squires
43:05 Gambesons
44:11 Arbalester
45:29 Leather Archer Armor
46:37 Gold Shaft Mining
46:11 Arson
51:20 Chieftains
51:21 Bogsveigar
51:44 Heavy Plow
51:56 Bow Saw
53:47 Fortified Wall
56:44 Bracer
57:14 Ring Archer Armor
57:20 Iron Casting
57:01 Chain Mail Armor
59:37 Hoardings
61:42 Blast Furnace
68:35 Plate Mail Armor
68:13 Siege Engineers
TitoHermoso
10:20 Feudal Age
10:46 Double-Bit Axe
16:02 Wheelbarrow
15:15 Loom
16:56 Forging
21:40 Castle Age
27:28 Scale Barding Armor
28:19 Bow Saw
29:14 Elite Skirmisher
32:17 Fletching
33:38 Chain Barding Armor
37:07 Pikeman
38:12 Bodkin Arrow
39:18 Wheelbarrow
39:21 Iron Casting
41:43 Padded Archer Armor
46:26 Imperial Age
44:02 Scale Mail Armor
47:03 Cavalier
50:27 Bloodlines
50:18 Paladin
51:17 Gold Mining
51:18 Stone Mining
53:17 Plate Barding Armor
56:23 Coinage
55:53 Caravan
55:22 Halberdier
56:42 Ballistics
59:12 Blast Furnace
64:04 Chain Mail Armor
66:38 Caravan
Aryan_lohiaa__
3:18 Loom
11:27 Feudal Age
13:17 Loom
15:45 Wheelbarrow
19:40 Castle Age
18:08 Double-Bit Axe
19:23 Scale Mail Armor
21:24 Bow Saw
22:42 Pikeman
24:18 Horse Collar
32:20 Sanctity
32:54 Heavy Plow
40:10 Imperial Age
37:26 Town Watch
37:40 Gold Mining
37:40 Stone Mining
39:54 Elite Skirmisher
40:37 Padded Archer Armor
40:28 Fletching
42:15 Ballistics
42:56 Chemistry
41:52 Murder Holes
42:03 Siege Engineers
42:22 Elite Woad Raider
43:16 Furor Celtica
43:32 Chain Mail Armor
43:33 Leather Archer Armor
43:14 Bodkin Arrow
43:29 Forging
43:24 Treadmill Crane
50:37 Ring Archer Armor
50:37 Plate Mail Armor
50:43 Iron Casting
52:45 Iron Casting
52:13 Caravan
53:42 Hand Cart
53:27 Town Patrol
56:20 Devotion
57:48 Gold Shaft Mining
57:49 Stone Shaft Mining
60:03 Halberdier
60:29 Gambesons
60:29 Arson
65:25 Blast Furnace
Connection lost

Rejoining the realm…

Still unreachable

The connection could not be restored.

Session expired

The server has moved on; the page needs a fresh start.